Map: King Sejong Station LE

Players

Miszu

  • Race: Protoss Protoss
  • League: Master

imbaBratOK - Winner!

  • Race: Terran Terran
  • League: Grandmaster

VOD

Have the link to the VOD?

Description

Time

  • Played on: June 1, 2016, 4:28 p.m.
  • Length: 9:45
Show
View Real Time Build Order
Export as new Build Order

Miszu Protoss 

Build Orders: 1 Gate Expand, Oracle Opening 

Get SALT Encoding   

  12  0:01  Probe (Chrono Boost)  
  13  0:11  Probe (Chrono Boost)  
  14  0:17  Pylon  
  14  0:22  Probe (Chrono Boost)  
  15  0:35  Probe (Chrono Boost)  
  16  0:36  Gateway  
  16  0:46  Probe (Chrono Boost)  
  18  1:08  Nexus  
  17  1:13  Assimilator  
  17  1:17  Probe (Chrono Boost)  
  18  1:28  Cybernetics Core  
  18  1:32  Probe (Chrono Boost)  
  19  1:43  Probe (Chrono Boost)  
  19  1:46  Assimilator  
  20  2:00  Probe (Chrono Boost)  
  21  2:07  Adept, Warp Gate  
  23  2:12  Pylon  
  23  2:20  Probe (Chrono Boost)  
  23  2:21  Probe (Chrono Boost)  
  25  2:30  Probe (Chrono Boost)  
  25  2:32  Probe (Chrono Boost)  
  25  2:34  Adept  
  29  2:41  Mothership Core (Chrono Boost)  
  29  2:42  Probe (Chrono Boost)  
  32  2:53  Probe (Chrono Boost)  
  32  2:58  Stargate  
  33  3:00  Probe (Chrono Boost)  
  33  3:03  Probe (Chrono Boost)  
  35  3:18  Probe (Chrono Boost)  
  31  3:36  Probe (Chrono Boost)  
  31  3:38  Probe (Chrono Boost)  
  33  3:49  Oracle  
  34  3:57  Probe (Chrono Boost)  
  34  4:02  Probe (Chrono Boost)  
  36  4:07  Probe (Chrono Boost)  
  37  4:12  Probe (Chrono Boost)  
  37  4:18  Probe (Chrono Boost)  
  37  4:23  Probe (Chrono Boost)  
  39  4:28  Nexus, Probe (Chrono Boost)  
  40  4:34  Probe (Chrono Boost)  
  41  4:39  Probe (Chrono Boost)  
  41  4:40  Pylon  
  41  4:44  Probe (Chrono Boost)  
  43  4:49  Probe (Chrono Boost)  
  45  5:07  Probe (Chrono Boost)  
  45  5:12  Probe (Chrono Boost)  
  46  5:15  Adept  
  46  5:17  Probe (Chrono Boost)  
  46  5:19  Robotics Facility  
  47  5:22  Probe (Chrono Boost)  
  47  5:23  Forge  
  47  5:25  Gateway  
  47  5:28  Gateway x2, Probe (Chrono Boost)  
  49  5:33  Probe (Chrono Boost)  
  50  5:41  Adept  
  50  5:42  Probe (Chrono Boost)  
  53  5:43  Probe (Chrono Boost)  
  53  5:44  Probe (Chrono Boost)  
  53  5:46  Pylon  
  53  5:48  Assimilator x2  
  52  5:53  Probe (Chrono Boost)  
  54  5:57  Probe x2 (Chrono Boost)  
  54  6:00  Protoss Ground Weapons Level 1 (Chrono Boost)  
  54  6:02  Forge  
  54  6:03  Probe (Chrono Boost)  
  56  6:07  Immortal (Chrono Boost)  
  60  6:13  Probe x2 (Chrono Boost)  
  60  6:18  Pylon  
  62  6:21  Phoenix  
  64  6:31  Probe  
  65  6:33  Probe x2  
  67  6:43  Adept x3, Probe  
  67  6:45  Pylon, Probe x2  
  76  6:55  Probe  
  76  6:57  Pylon, Probe x2  
  76  6:58  Twilight Council, Protoss Ground Armor Level 1 (Chrono Boost)  
  79  7:05  Twilight Council  
  79  7:06  Pylon  
  79  7:07  Probe  
  80  7:08  Sentry x2  
  80  7:09  Sentry  
  85  7:29  Adept  
  65  7:39  Zealot  
  65  7:43  Immortal  
  65  7:46  Stalker  
  65  7:47  Stalker  
  65  7:49  Mothership Core  
  73  7:59  Probe  
  73  8:05  Nexus  
  69  8:10  Probe  
  69  8:11  Probe  
  71  8:19  Observer, Pylon  
  71  8:23  Probe x2  
  71  8:26  Adept  
  76  8:36  Immortal  
  76  8:38  Adept x2  
  76  8:39  Adept  
  86  8:44  Gateway  
  86  8:46  Gateway  
  86  8:48  Pylon  
  86  8:58  Probe  
  84  9:11  Adept x4  
  85  9:32  Nexus  
Show
View Real Time Build Order
Export as new Build Order

imbaBratOK Terran - Winner!

Build Orders: MMM Bio 

Get SALT Encoding   

  12  0:01  SCV  
  13  0:13  SCV  
  14  0:17  Supply Depot  
  14  0:25  SCV  
  15  0:38  SCV  
  15  0:40  Barracks  
  16  0:44  Refinery  
  16  0:50  SCV  
  17  1:03  SCV  
  18  1:15  SCV  
  19  1:28  Barracks Reactor, Orbital Command  
  19  1:40  Command Center  
  19  1:51  Supply Depot  
  19  1:55  SCV  
  20  2:07  SCV  
  23  2:13  Reaper x2  
  23  2:19  SCV  
  24  2:23  Barracks  
  24  2:31  SCV  
  25  2:43  SCV  
  26  2:44  Bunker, Marine  
  26  2:45  Marine  
  26  2:48  Factory  
  28  2:55  SCV  
  29  3:04  Orbital Command  
  29  3:05  Refinery  
  29  3:07  SCV  
  29  3:10  Marine  
  29  3:17  Marine x2  
  31  3:29  Marine  
  31  3:34  SCV  
  31  3:35  Marine x2, Factory Tech Lab  
  31  3:38  SCV  
  35  3:46  SCV  
  36  3:50  SCV  
  36  3:51  Marine  
  36  3:52  Marine  
  39  3:58  SCV  
  39  3:59  Cyclone  
  39  4:00  Supply Depot  
  39  4:02  SCV  
  45  4:07  Barracks Tech Lab  
  45  4:08  Marine  
  46  4:14  SCV  
  46  4:22  SCV  
  46  4:23  Engineering Bay  
  47  4:26  SCV  
  47  4:27  Marine x3  
  47  4:28  Supply Depot, Stimpack  
  51  4:34  SCV  
  52  4:42  Starport, SCV  
  52  4:45  Marine  
  54  4:46  Factory Reactor  
  54  4:49  Marine x2  
  54  4:51  Supply Depot  
  54  4:52  SCV  
  57  4:54  Missile Turret  
  57  4:55  Missile Turret  
  53  5:04  SCV x2  
  52  5:16  SCV  
  53  5:28  SCV  
  53  5:32  SCV  
  53  5:41  SCV  
  54  5:44  SCV  
  55  5:53  SCV  
  55  5:55  Marine x2, Marauder  
  55  5:56  Terran Infantry Weapons Level 1, SCV  
  61  6:01  Supply Depot  
  61  6:03  Medivac, Barracks  
  61  6:04  Command Center  
  63  6:05  Refinery x2, SCV  
  63  6:08  SCV  
  65  6:13  Marine  
  65  6:17  SCV  
  67  6:20  SCV  
  67  6:22  Barracks  
  67  6:23  Barracks  
  67  6:24  Marine, Marauder  
  71  6:29  SCV  
  71  6:30  Marine  
  71  6:31  Combat Shields  
  71  6:32  SCV  
  74  6:41  SCV  
  74  6:44  Supply Depot, SCV  
  76  6:51  Medivac  
  78  7:00  Supply Depot  
  78  7:02  Supply Depot  
  78  7:06  Marine, Medivac, Marauder x2, SCV  
  86  7:15  Marine, SCV  
  88  7:18  SCV  
  87  7:27  SCV  
  87  7:29  Marauder  
  90  7:30  Barracks Reactor, Barracks Tech Lab, Marauder  
  80  7:45  SCV  
  80  7:46  SCV  
  80  7:47  Marine x2  
  80  7:51  Marauder x2, Orbital Command  
  84  7:53  Missile Turret  
  82  8:02  Marauder  
  82  8:04  Marine  
  82  8:05  Marine  
  79  8:06  Medivac x2  
  79  8:08  SCV x2  
  79  8:10  Marine  
  79  8:12  Marauder x2  
  90  8:15  Marine  
  90  8:18  SCV, Liberator  
  90  8:19  Liberator  
  92  8:20  SCV  
  92  8:22  Marine  
  92  8:24  Marine, Marauder  
  92  8:25  Concussive Shells  
  92  8:26  SCV  
  98  8:28  Marine, Refinery  
  98  8:29  Refinery  
  98  8:30  SCV  
  98  8:32  Marine, SCV  
  98  8:34  Marauder x2  
  106  8:39  SCV  
  113  8:41  Marine  
  113  8:42  Marine, SCV  
  116  8:53  Marine  
  117  8:56  Supply Depot  
  117  8:59  Supply Depot  
  117  9:00  Supply Depot  
  117  9:07  Marauder  
  117  9:08  Marauder  
  117  9:09  Marauder  
  117  9:10  Marine  
  116  9:21  Marine  
  125  9:33  Supply Depot x3, Command Center  
Tags
 
Add a new tag
Caveats
  • Supply blocks, unpowered buildings, or Contaminate may cause inaccurate times.
  • Supply counts are checked every 10 seconds.